Map: Washout LE

Players

RipNHammer - Winner!

  • Race: Terran Terran
  • League: Master
  • Spawn Location: 7:00

llllllllllll

  • Race: Terran Terran
  • League: Grandmaster
  • Spawn Location: 1:00

VOD

Have the link to the VOD?

Description

Time

  • Played on: Sept. 5, 2026, 12:30 p.m.
  • Length: 6:58
Show
View Real Time Build Order
Export as new Build Order

RipNHammer Terran - Winner!

Build Orders:  

Get SALT Encoding   

  8  0:14  SCV  
  9  0:26  SCV  
  10  0:35  Supply Depot  
  10  0:38  SCV  
  11  0:51  SCV  
  12  0:58  Barracks  
  12  1:03  SCV  
  13  1:06  Refinery  
  13  1:15  SCV  
  14  1:27  SCV  
  15  1:39  SCV  
  16  1:49  Reaper  
  16  1:51  Orbital Command  
  17  2:05  Bunker  
  17  2:17  SCV  
  18  2:23  Supply Depot, Marine  
  18  2:41  Marine  
  19  2:49  SCV  
  20  2:52  Factory  
  20  2:53  Refinery  
  20  2:59  Marine  
  20  3:01  SCV  
  21  3:06  Supply Depot  
  20  3:15  SCV  
  20  3:17  Marine  
  22  3:27  SCV  
  23  3:51  SCV  
  24  4:02  Starport  
  24  4:05  SCV, Barracks  
  25  4:12  Supply Depot  
  25  4:20  Factory Tech Lab  
  25  4:27  Supply Depot  
  25  4:34  SCV  
  25  4:46  SCV  
  25  4:47  Banshee  
  25  4:51  Cloaking Field  
  29  4:53  Factory Tech Lab  
  29  4:56  Marine  
  29  4:58  SCV  
  31  5:10  SCV  
  32  5:15  Command Center  
  32  5:18  Marine  
  36  5:30  SCV  
  36  5:35  Supply Depot  
  37  5:41  Banshee  
  38  5:57  SCV  
  38  6:09  SCV  
  39  6:21  SCV  
  40  6:33  SCV  
  41  6:45  SCV  
  48  6:54  Refinery x2  
Show
View Real Time Build Order
Export as new Build Order

llllllllllll Terran 

Build Orders:  

Get SALT Encoding   

  8  0:00  SCV  
  9  0:13  SCV  
  10  0:25  SCV  
  11  0:31  Supply Depot  
  11  0:37  SCV  
  12  0:53  Barracks  
  12  1:01  Refinery  
  12  1:06  SCV  
  13  1:19  SCV  
  14  1:31  SCV  
  15  1:40  Barracks Tech Lab  
  15  1:43  Orbital Command  
  15  1:53  Supply Depot  
  15  1:59  Marauder  
  17  2:02  Concussive Shells  
  17  2:09  SCV  
  18  2:20  Marauder  
  20  2:40  SCV  
  20  2:43  Command Center  
  20  2:52  Factory  
  20  2:57  Refinery  
  20  3:06  SCV  
  21  3:18  SCV  
  20  3:30  SCV  
  20  3:42  SCV  
  20  3:43  Hellion  
  22  3:54  SCV  
  21  4:06  SCV, Factory Tech Lab  
  22  4:18  SCV  
  22  4:20  Starport  
  23  4:30  SCV  
  23  4:43  SCV  
  24  4:50  Siege Tank  
  27  4:55  SCV  
  28  5:01  Barracks  
  28  5:02  Starport Reactor  
  28  5:07  SCV  
  28  5:11  Supply Depot  
  29  5:33  SCV  
  29  5:35  Barracks  
  30  5:38  Viking x2  
  34  5:45  SCV  
  34  5:46  Supply Depot  
  35  5:57  SCV  
  35  6:00  Supply Depot  
  35  6:18  SCV  
  32  6:30  SCV  
  32  6:42  SCV  
Tags
 
Matchup
TvT
Race
Terran
Replay Pack
RipNHammer
Spawn Locations
Cross Positions
Add a new tag
Caveats
  • Supply blocks, unpowered buildings, or Contaminate may cause inaccurate times.
  • Supply counts are checked every 10 seconds.